 Dungeon Crawl Stone Soup version 0.31-a0-986-g5e6e4ef867 (webtiles) character file.

Game seed: 17690748746299358870

18445 mandarbmax the Protected (level 12, -34/54 HPs)
             Began as a Vine Stalker Fighter on Nov 18, 2023.
             Was a High Priest of Hepliaklqana.
             Annihilated by an enormous slime creature (49 damage)
             ... on level 12 of the Dungeon.
             The game lasted 00:19:54 (9667 turns).

mandarbmax the Protected (Vine Stalker Fighter)     Turns: 9667, Time: 00:19:55

Health: -34/54     AC: 30    Str: 20    XL:     12   Next: 58%
Magic:  0/16       EV:  9    Int:  8    God:    Hepliaklqana [*****.]
Gold:   777        SH:  8    Dex: 24    Spells: 11/11 levels left

rFire   . . .        l - +8 dagger (speed)
rCold   . . .        H - +1 buckler {AC+3}
rNeg    . . .        u - +0 plate armour
rPois   .            d - +1 helmet
rElec   .            w - +0 cloak
rCorr   .            m - +1 pair of gloves
SInv    .            F - +0 pair of boots
Will    +....        (no amulet) Stlth
                     r - +6 ring of dexterity
HPRegen 1.09/turn    e - +4 ring of protection
MPRegen 0.15/turn

%: guardian spirit
@: no status effects
A: reduced essence, fangs 3, regeneration 1, magic shield, antimagic bite, no
potion heal 2
a: Renounce Religion, Recall Ancestor, Ancestor Identity, Transference, Idealise


You were on level 12 of the Dungeon.
You worshipped Hepliaklqana.
Hepliaklqana was extremely pleased with you.
You visited 2 branches of the dungeon, and saw 13 of its levels.

You collected 777 gold pieces.

Inventory:

Hand Weapons
 a - a +0 rapier
 l - a +8 dagger of speed (weapon)
 K - a +2 short sword of speed
Missiles
 x - 2 throwing nets
Armour
 d - a +1 helmet (worn)
 m - a +1 pair of gloves (worn)
 u - a +0 plate armour (worn)
 w - a +0 cloak (worn)
 F - a +0 pair of boots (worn)
 H - a +1 buckler of protection (worn)
Jewellery
 b - a ring of resist corrosion
 e - a +4 ring of protection (right hand)
 r - a +6 ring of dexterity (left hand)
 D - a ring of willpower
 L - a ring of willpower
Wands
 h - a wand of polymorph (5)
 C - a wand of flame (34) (quivered)
 G - a wand of mindburst (15)
 J - a wand of iceblast (6)
Scrolls
 c - 2 scrolls of torment
 f - 4 scrolls of noise
 k - a scroll of butterflies
 n - 2 scrolls of amnesia
 q - 4 scrolls of teleportation
 t - a scroll of fog
 v - a scroll of vulnerability
 y - a scroll of fear
 M - a scroll of poison
 N - a scroll of silence
 O - a scroll of identify
Potions
 g - 4 potions of curing
 i - 3 potions of invisibility {unknown}
 j - 2 potions of magic {unknown}
 o - 3 potions of resistance {unknown}
 p - a potion of mutation {unknown}
 s - 3 potions of heal wounds {unknown}
 z - 2 potions of attraction
 A - 2 potions of enlightenment {unknown}
 B - a potion of lignification
 E - a potion of brilliance {unknown}
Miscellaneous
 I - a phantom mirror (inert)


   Skills:
 + Level 5.8 Fighting
 - Level 10.0 Short Blades
 - Level 11.1 Armour
 - Level 4.0 Dodging
 + Level 5.8 Shields
 - Level 5.0 Invocations
 - Level 5.0 Evocations


You had 11 spell levels left.
You didn't know any spells.
Your spell library contained the following spells:

 Spells                   Type           Power      Damage    Failure   Level
 Magic Dart               Conj           0%         1d3       100%        1
 Sandblast                Erth           0%         2d4       100%        1
 Summon Small Mammal      Summ           0%         N/A       100%        1
 Call Imp                 Summ           0%         N/A       100%        2
 Passwall                 Tmut/Erth      0%         N/A       100%        2
 Call Canine Familiar     Summ           0%         N/A       100%        3
 Mephitic Cloud           Conj/Pois/Air  0%         N/A       100%        3
 Stone Arrow              Conj/Erth      0%         3d7       100%        3
 Summon Guardian Golem    Hex/Summ       0%         N/A       100%        3
 Brom's Barrelling Bould  Conj/Erth      0%         2d3       100%        4
 Malign Gateway           Summ/Tloc      0%         N/A       100%        7
 Summon Horrible Things   Summ           0%         N/A       100%        8


Dungeon Overview and Level Annotations

Branches:
Dungeon (12/15)            Temple (1/1) D:4            Lair (0/5) D:8
    Orc (0/2) D:11

Altars:
Ashenzari
Cheibriados
Dithmenos
Elyvilon
Fedhas
Gozag
Hepliaklqana
Kikubaaqudgha
Makhleb
Nemelex Xobeh
Okawaru
Qazlal
Ru
Sif Muna
Trog
Uskayaw
Vehumet
Wu Jian
Xom
Yredelemnul
Zin
The Shining One

Annotations:
D:12 Gastronok


Innate Abilities, Weirdness & Mutations

Your life essence is reduced to manifest your ancestor. (-10% HP)
You have razor-sharp teeth.
Your natural rate of healing is unusually fast.
When hurt, damage is shared between your health and your magic reserves.
Your bite disrupts and absorbs the magic of your enemies.
Potions cannot restore your health.


Message History

You feel invigorated.
The very large slime creature is severely wounded.
The bat barely misses you.
A very large slime creature splits.
You puncture the slime creature! You bite the slime creature!
You drain its power.
You feel invigorated.
The slime creature is almost dead.
The bat hits you.
Two slime creatures merge to form a very large slime creature.
Two slime creatures merge to form an enormous slime creature.
The bat barely misses you.
You hit the slime creature.
You kill the slime creature!
The bat hits you but does no damage.
Gastronok gurgles, "A snack!
A snack!"
Okay, then.
You block the bat's attack.
You miss the bat. Your bite misses the bat.
The bat hits you but does no damage. You block the bat's attack.
The bat hits you but does no damage. You block the bat's attack. x2
The bat completely misses you. You block the bat's attack.
The bat hits you but does no damage. The bat hits you but does no damage.
There is a stone staircase leading up here.
Appia emerges from the mists of memory!
The bat hits you but does no damage.
You climb upwards.
There is a stone staircase leading down here.
You start resting.
HP restored.
You climb downwards.
Level annotation: Gastronok The enormous slime creature hits you!!!
Ouch! That really hurt!
* * * LOW HITPOINT WARNING * * *
Appia gestures at the bat while chanting.
The bat appears confused.
The enormous slime creature hits you!!!
Ouch! That really hurt!
You die...

#................................
#...........).......##..........#
.....................##......#..#
.............................#..#
.......#.#.................###...
.......###.......................
##...............<...............
#......#......J...b.....##......
##....##........@..##....##......
.#........................##.....
....###........R..........##.....
.................................
.................#........##...##
....###.........####..#..###...##
##...............# #..#..# ......
##......#.........[..#.###.##...
###.....###..........#..# .. ...


You could see the friendly Appia the hexer, an enormous slime creature and a bat
(summoned, confused, ally target).

Vanquished Creatures
  Erolcha (D:12)
  A centaur warrior (D:10)
  2 two-headed ogres
  Joseph (D:8)
  Maurice (D:8)
  An unseen horror (D:11)
  A gargoyle (D:11)
  A komodo dragon (D:8)
  A troll (D:9)
  Grinder (D:3)
  3 slime creatures
  Sigmund (D:3)
  40 yaks
  A wyvern (D:9)
  3 shadows
  A basilisk (D:12)
  A steam dragon (D:7)
  An acid dragon (D:11)
  3 water moccasins (D:8)
  2 orc warriors
  4 sky beasts
  6 black bears
  An ice beast (D:8)
  2 centaurs
  2 phantoms (D:6)
  2 kobold brigands
  2 bullfrogs
  2 gnoll sergeants (D:9)
  4 scorpions
  8 wights (D:8)
  15 killer bees
  8 howler monkeys
  6 hounds
  7 orc priests
  A gnoll bouda (D:9)
  Jessica (D:2)
  2 iguanas
  Ijyb (D:3)
  Natasha (thrice) (D:3)
  15 orc wizards
  Robin (D:3)
  21 gnolls
  9 adders
  A white imp (D:6)
  2 ufetubi (D:5)
  A worm (D:3)
  4 dart slugs
  39 orcs
  7 ball pythons
  7 bats
  8 endoplasms
  4 giant cockroaches
  13 goblins
  6 hobgoblins (D:3)
  7 jackals
  25 kobolds
  2 quokkas
  3 frilled lizards
  5 rats
324 creatures vanquished.

Vanquished Creatures (collateral kills)
  A manticore (D:11)
  A troll (D:11)
  A slime creature (D:9)
  A shadow (D:10)
  A yak (D:9)
  2 water moccasins (D:8)
  An orc warrior (D:8)
  A wight (D:8)
  A killer bee (D:9)
  A hound (D:6)
  A gnoll bouda (D:6)
  3 orc wizards
  2 gnolls (D:9)
  5 kobolds
22 creatures vanquished.

Vanquished Creatures (others)
  5 hexers
5 creatures vanquished.

Grand Total: 351 creatures vanquished

Notes
Turn   | Place    | Note
-------+----------+-------------------------------------------
     0 | D:1      | mandarbmax the Vine Stalker Fighter began the quest for the
                  | Orb.
     0 | D:1      | Reached XP level 1. HP: 11/11 MP: 2/2
   142 | D:1      | Reached XP level 2. HP: 16/16 MP: 3/3
   417 | D:1      | Reached XP level 3. HP: 19/19 MP: 4/4
   899 | D:2      | Noticed Jessica
   904 | D:2      | Killed Jessica
   905 | D:2      | Reached skill level 3 in Armour
   905 | D:2      | Reached XP level 4. HP: 13/24 MP: 1/5
  1795 | D:3      | Noticed Grinder
  1816 | D:3      | Killed Grinder
  1817 | D:3      | Reached skill level 5 in Short Blades
  1817 | D:3      | Reached XP level 5. HP: 6/28 MP: 0/6
  1817 | D:3      | Reached XP level 6. HP: 7/32 MP: 0/7
  1954 | D:3      | Noticed Natasha
  1960 | D:3      | Killed Natasha
  1970 | D:3      | Noticed Natasha
  1979 | D:3      | Killed Natasha
  2038 | D:3      | Noticed Natasha
  2049 | D:3      | Killed Natasha
  2100 | D:3      | Noticed Robin
  2124 | D:3      | Killed Robin
  2125 | D:3      | Reached XP level 7. HP: 36/36 MP: 6/8
  2326 | D:3      | Noticed Sigmund
  2339 | D:3      | Killed Sigmund
  2411 | D:3      | Noticed Ijyb
  2524 | D:3      | Killed Ijyb
  2876 | D:4      | Gained mutation: You have razor-sharp teeth. [Vine Stalker
                  | growth]
  2876 | D:4      | Reached XP level 8. HP: 40/40 MP: 9/9
  2961 | D:4      | Found a staircase to the Ecumenical Temple.
  2973 | Temple   | Entered the Ecumenical Temple
  2982 | Temple   | Became a worshipper of Hepliaklqana the Forgotten
  3413 | D:5      | Entered Level 5 of the Dungeon
  3469 | D:5      | Noticed Dowan
  3470 | D:5      | Noticed Duvessa
  3489 | D:5      | Duvessa changed into Duvessa the howler monkey
  3489 | D:5      | Noticed Duvessa
  3493 | D:5      | Killed Duvessa the howler monkey
  3500 | D:5      | Dowan changed into Dowan the bat
  3500 | D:5      | Noticed Dowan
  3503 | D:5      | Killed Dowan the bat
  3819 | D:5      | Reached skill level 1 in Evocations
  4045 | D:5      | Reached * piety under Hepliaklqana
  4513 | D:6      | Reached XP level 9. HP: 39/39 MP: 10/10
  4707 | D:6      | Reached skill level 1 in Invocations
  4855 | D:6      | Reached ** piety under Hepliaklqana
  4856 | D:6      | Remembered your ancestor Appia as a hexer
  5101 | D:7      | Reached skill level 10 in Short Blades
  5206 | D:7      | Reached skill level 4 in Armour
  5420 | D:7      | Reached XP level 10. HP: 44/44 MP: 12/14
  5428 | D:7      | Reached skill level 5 in Armour
  5428 | D:7      | Reached skill level 5 in Evocations
  5433 | D:7      | Reached skill level 5 in Invocations
  5676 | D:8      | Noticed Joseph
  5683 | D:8      | Reached skill level 6 in Armour
  5707 | D:8      | Killed Joseph
  5765 | D:8      | Reached skill level 7 in Armour
  5819 | D:8      | Found a staircase to the Lair.
  5858 | D:8      | Reached skill level 8 in Armour
  5925 | D:8      | Reached XP level 11. HP: 41/46 MP: 9/15
  6124 | D:8      | Noticed Maurice
  6136 | D:8      | Something stole a phantom mirror
  6139 | D:8      | Killed Maurice
  6140 | D:8      | Reached skill level 9 in Armour
  6468 | D:9      | Reached *** piety under Hepliaklqana
  6513 | D:9      | Noticed a two-headed ogre
  6577 | D:9      | Reached skill level 10 in Armour
  6594 | D:9      | Killed a two-headed ogre
  6813 | D:9      | Reached skill level 11 in Armour
  7218 | D:9      | Identified the +0 scale mail of Yschupt {Fly Int+2}
  7445 | D:10     | Entered Level 10 of the Dungeon
  7499 | D:10     | Noticed a centaur warrior
  7519 | D:10     | Reached skill level 1 in Dodging
  7570 | D:10     | Reached XP level 12. HP: 51/52 MP: 16/16
  7730 | D:10     | Reached **** piety under Hepliaklqana
  7774 | D:10     | Killed a centaur warrior
  7818 | D:10     | Found an iron altar of Okawaru.
  7871 | D:10     | Noticed a two-headed ogre
  7878 | D:10     | Killed a two-headed ogre
  8115 | D:11     | Reached skill level 5 in Fighting
  8115 | D:11     | Reached skill level 5 in Shields
  8170 | D:11     | Found a staircase to the Orcish Mines.
  9501 | D:12     | Reached ***** piety under Hepliaklqana
  9529 | D:12     | Noticed Erolcha
  9593 | D:12     | Killed Erolcha
  9620 | D:12     | Noticed Gastronok
  9667 | D:12     | Annihilated by an enormous slime creature

Illustrated notes

Levels and vault maps discovered:
D:1:      nagdon_arrival_zigzag_paths, layout_loops_ring,
          minmay_misc_feat_nine_boxes
D:2:      layout_basic, uniq_jessica
D:3:      layout_loops_ring, ebering_dispersal_statue_hall, uniq_sigmund,
          uniq_grinder, uniq_ijyb, uniq_robin, uniq_natasha
D:4:      layout_loops_ring, minmay_temple_entry_wispy
D:5:      layout_basic, uniq_duvessa
D:6:      layout_gridville, minmay_liquid_box, minivault_10
D:7:      layout_rooms, minmay_fountain_box
D:8:      layout_basic, due_lair_maze_entry_diamond, uniq_joseph, uniq_maurice
D:9:      kennysheep_kobold_camp, layout_irregular_city
D:10:     layout_roguey, lemuel_tele_altar
D:11:     layout_layer_cave, minmay_orc_entry_temple_small
D:12:     layout_cave_pools, uniq_gastronok, uniq_sonja, uniq_erolcha
Temple:   compressed_dpeg_triangle_lava_temple

Skill      XL: |  1  2  3  4  5  6  7  8  9 10 11 12 |
---------------+-------------------------------------+-----
Short Blades   | 2 3 5 6 7 9 10 | 10.0
Shields        | 3 5 |  5.8
Fighting       | 3 5 |  5.8
Armour         | 3 4 8 11 | 11.1
Evocations     | 2 4 5 |  5.0
Invocations    | 4 5 |  5.0
Dodging        | 1 4 |  4.0

Action                     |  1- 3 |  4- 6 |  7- 9 | 10-12 || total
---------------------------+-------+-------+-------+-------++-------
  Melee: Rapier            |   115 |       |       |       ||   115
         Bite              |    26 |    20 |   114 |   299 ||   459
         Dagger            |       |    94 |   365 |   746 ||  1205
         Unarmed           |       |       |     1 |       ||     1
 Invoke: Ancestor Life: He |       |       |     1 |       ||     1
         Recall Ancestor   |       |       |       |     1 ||     1
  Evoke: Wand              |       |     3 |    12 |    21 ||    36
         Phantom mirror    |       |       |       |     1 ||     1
    Use: Potion            |       |     1 |     2 |       ||     3
         Scroll            |       |       |    13 |     9 ||    22
   Stab: Distracted        |       |       |     5 |     6 ||    11
         Confused          |       |       |       |     9 ||     9
 Armour: Scale mail        |    73 |    29 |    16 |       ||   118
         Skin              |       |       |     2 |     1 ||     3
         Plate armour      |       |       |   119 |   317 ||   436
  Dodge: Dodged            |    56 |    17 |    55 |   108 ||   236
  Block: Buckler           |    37 |    12 |    48 |   114 ||   211

Table legend: (Time is in decaauts)
 A = Elapsed time spent in this place.
 B = Non-inter-level travel time spent in this place.
 C = Inter-level travel time spent in this place.
 D = Time resting spent in this place.
 E = Time spent auto-exploring this place.
 F = Levels seen in this place.
 G = Mean time per level.
                   A        B        C        D        E       F      G
               +--------+--------+--------+--------+--------+-----+--------+
         Total |   8940 |   8550 |    390 |    106 |   6789 |  13 |  687.7 |
       Dungeon |   8921 |   8548 |    373 |    106 |   6789 |  12 |  743.4 |
        Temple |     18 |      1 |     17 |      0 |      0 |   1 |   18.0 |
               +--------+--------+--------+--------+--------+-----+--------+

Top non-repeatable levels by time:
    D:11: 1269 daAuts
     D:2: 1143 daAuts
     D:6: 850 daAuts
     D:9: 847 daAuts
     D:3: 806 daAuts
     D:8: 733 daAuts
     D:4: 713 daAuts
     D:5: 704 daAuts
     D:1: 640 daAuts
    D:10: 528 daAuts
     D:7: 447 daAuts
    D:12: 236 daAuts
  Temple: 18 daAuts
